 Dungeon Crawl Stone Soup version 0.23.2-1-ga50397a6bc (webtiles) character file.

Game seed: 173626725524642523

24 ketsa the Charlatan (level 3, -1/17 HPs)
             Began as a Vine Stalker Artificer on Apr 27, 2019.
             Killed by nerve-wracking pain
             ... invoked by Jessica
              (4 damage)
             ... on level 2 of the Dungeon.
             The game lasted 00:03:49 (1348 turns).

ketsa the Charlatan (Vine Stalker Artificer)        Turns: 1348, Time: 00:03:49

Health: -1/17      AC:  4    Str: 14    XL:     3   Next: 2%
Magic:  0/6        EV: 12    Int: 12    God:
Gold:   18         SH:  0    Dex: 14    Spells: 2/2 levels left

rFire    x . .     SeeInvis .   a - +0 short sword
rCold    + . .     Gourm    .   (no shield)
rNeg     . . .     Faith    .   b - +0 leather armour
rPois    +         Spirit   +   (no helmet)
rElec    .         Reflect  .   (no cloak)
rCorr    .         Harm     .   s - +0 pair of gloves
MR       .....                  (no boots)
Stlth    ++........             (no amulet)
HPRegen  0.05/turn              n - ring of ice
MPRegen  0.10/turn              o - ring of poison resistance

@: no status effects
A: fangs 2, magic shield, antimagic bite, no potion heal 3, rot immunity
a: no special abilities


You were on level 2 of the Dungeon.
You were not hungry.

You visited 1 branch of the dungeon, and saw 2 of its levels.

You collected 18 gold pieces.

Inventory:

Hand Weapons
 a - a +0 short sword (weapon)
 h - a +0 hunting sling
 l - a +0 whip
Missiles
 m - 14 bolts
 p - 18 sling bullets
 u - 68 stones (quivered)
Armour
 b - a +0 leather armour (worn)
 j - a +0 chain mail
 s - a +0 pair of gloves (worn)
Jewellery
 n - a ring of ice (left hand)
 o - a ring of poison resistance (right hand)
Wands
 c - a wand of flame (14)
 d - a wand of enslavement (14)
 e - a wand of random effects (15)
Scrolls
 g - a scroll of teleportation {unknown}
 i - a scroll of fog {unknown}
 k - a scroll of remove curse {unknown}
 q - a scroll of enchant armour {unknown}
 r - a scroll of identify {unknown}
Comestibles
 f - 2 rations


   Skills:
 - Level 0.8 Fighting
 * Level 1.7 Short Blades
 + Level 1.8 Dodging
 + Level 2.0 Stealth
 + Level 2.9 Evocations


You had 2 spell levels left.
You didn't know any spells.
Your spell library was empty.

Dungeon Overview and Level Annotations

Branches:
Dungeon (2/15)

Altars:

Annotations:
D:2 Jessica


Innate Abilities, Weirdness & Mutations

You have extremely sharp teeth.
When hurt, damage is shared between your health and your magic reserves.
Your bite disrupts and absorbs the magic of your enemies.
Potions cannot restore your health.
You are immune to rotting.


Message History

Aiming: Throw Flame
Press: ? - help, Shift-Dir - straight line, f/p - Jessica
Aim: Jessica, wielding a +0 club and wearing a +0 robe The puff of flame hits Jessica.
Jessica is heavily wounded.
Jessica mumbles some strange words.
Jessica blinks!
Evoke which item? (* to show all) (? for menu, Esc to quit)
Aiming: Throw Flame
Press: ? - help, Shift-Dir - straight line
Okay, then.
Evoke which item? (* to show all) (? for menu, Esc to quit)
Aiming: Enslavement
Press: ? - help, Shift-Dir - straight line, f - hobgoblin
Aim: a hobgoblin, wielding a +0 club (chance to defeat MR: 71%)
The hobgoblin is charmed.
You swap places.
Jessica gestures at you while chanting. Pain shoots through your body!
You die...

# #.##. #.
... ##.# #.#
.##...##<#
.........#
+########@.#
#....$...#.#
.+####'.#.#
#.g@.#.#.#
#.##.#.#.#
#. #.#.#.#
#. ..#.#..
+####'.#.#
..# ##+


You could see Jessica and a friendly hobgoblin.

Vanquished Creatures
  2 dart slugs (D:1)
  2 ball pythons (D:1)
  A bat (D:1)
  2 giant cockroaches (D:1)
  2 goblins (D:1)
  A hobgoblin (D:1)
  2 jackals (D:1)
  A kobold (D:1)
  A frilled lizard (D:1)
  5 rats (D:1)
19 creatures vanquished.

Notes
Turn   | Place    | Note
-------+----------+-------------------------------------------
     0 | D:1      | ketsa the Vine Stalker Artificer began the quest for the
                  | Orb.
     0 | D:1      | Reached XP level 1. HP: 9/9 MP: 3/3
    50 | D:1      | Reached skill level 1 in Short Blades
   283 | D:1      | Reached XP level 2. HP: 13/14 MP: 5/5
   984 | D:1      | Reached XP level 3. HP: 11/17 MP: 4/6
  1338 | D:2      | Noticed Jessica
  1348 | D:2      | Killed from afar by Jessica

Skill      XL: |  1  2 |
---------------+-------+-----
Short Blades   | 1 |  1.7
Stealth        | 2 |  2.0
Fighting       | |  0.8
Dodging        | |  1.8
Evocations     | |  2.9

Action                   || total
-------------------------++-------
Melee: Short sword       ||    75
       Bite              ||    18
Evoke: Wand              ||     2
 Stab: Sleeping          ||     1
  Eat: Chunk             ||     1
Armor: Leather armour    ||    17
Dodge: Dodged            ||    50
